 Dungeon Crawl Stone Soup version 0.19-a0-944-gb338e1e (webtiles) character file.

688 Implojin the Cleaver (level 7, -10/57 HPs)
             Began as a Minotaur Fighter on July 9, 2016.
             Mangled by an orc warrior
             ... wielding a +0 flail
              (19 damage)
             ... on level 7 of the Dungeon.
             The game lasted 00:04:57 (680 turns).

Implojin the Cleaver (Minotaur Fighter)              Turns: 680, Time: 00:04:58

Health: -10/57     AC:  9    Str: 20    XL:     7   Next: 36%
Magic:  6/6        EV:  7    Int:  5    God:
Gold:   14         SH:  9    Dex: 12    Spells: 0 memorised, 6 levels left

rFire  . . .     SeeInvis .     a - +0 war axe
rCold  . . .     Gourm    .     b - +0 scale mail
rNeg   . . .     Faith    .     c - +0 shield
rPois  .         Spirit   .     j - +0 hat
rElec  .         Dismiss  .     (no cloak)
rCorr  .         Reflect  .     e - +0 pair of gloves
SustAt .         Harm     +     g - +0 pair of boots
MR     .....                    p - amulet of harm
Stlth  ..........               (no ring)
                                (no ring)

@: not resistant to hostile enchantments, extremely unstealthy
A: retaliatory headbutt, horns 2
a: no special abilities


You were on level 7 of the Dungeon.
You were not hungry.

You visited 1 branch of the dungeon, and saw 8 of its levels.

You collected 14 gold pieces.

Inventory:

Hand Weapons
 a - a +0 war axe (weapon)
 d - a +0 flail
 q - a +0 vampiric hand axe
Armour
 b - a +0 scale mail (worn)
 c - a +0 shield (worn)
 e - a +0 pair of gloves (worn)
 g - a +0 pair of boots (worn)
 h - a +0 large shield
 j - a +0 hat (worn)
Jewellery
 p - an amulet of harm (around neck)
Wands
 l - a wand of slowing (39/48)
 m - a wand of hasting (5/9)
 n - a wand of paralysis (14/24)
 u - a wand of teleportation (5/9)
Scrolls
 o - a scroll of identify {unknown}
 s - a scroll of teleportation {unknown}
Potions
 i - 2 potions of resistance
 r - a potion of flight
Books
 t - a book of the Dragon

   Spells                             Type                      Level
   a - Flame Tongue                   Conjuration/Fire             1
   b - Cause Fear                     Hexes                        4
   c - Bolt of Fire                   Conjuration/Fire             6
   d - Dragon Form                    Transmutation                7
   e - Dragon's Call                  Summoning                    9
Comestibles
 f - a bread ration
 k - a meat ration


   Skills:
 - Level 3.6 Fighting
 * Level 10.0 Axes
 - Level 3.6 Armour
 - Level 3.6 Shields


You had 6 spell levels left.
You didn't know any spells.

Dungeon Overview and Level Annotations

Branches:
Dungeon (8/15)
 Temple: D:4-7         Lair: D:8-11

Altars:
Dithmenos
Ru

Annotations:
D:4 Dowan, Duvessa
D:6 Prince Ribbit
D:7 exclusion: oklob plant


Innate Abilities, Weirdness & Mutations

You reflexively headbutt those who attack you in melee.
You have a pair of horns on your head.


Message History

The orc shouts!
Your scale mail prevents you from hitting the orc.
You headbutt the orc.
The orc is heavily wounded.
Unknown command.
You hit the orc warrior.
The orc warrior is lightly wounded.
You closely miss the crimson imp.
The crimson imp blinks!
The orc warrior hits you with a flail!
* * * LOW HITPOINT WARNING * * *
Unknown command.
You closely miss the orc warrior.
You headbutt the orc warrior, but do no damage.
The orc warrior is lightly wounded.
You closely miss the orc.
Unknown command.
You hit the orc warrior but do no damage.
The orc warrior is lightly wounded.
You slash the orc!
You kill the orc!
Your Axes skill increases to level 10!
You hit the orc.
You kill the orc!
The orc warrior hits you with a flail!
* * * LOW HITPOINT WARNING * * *
An orc comes into view. It is wielding a hand axe.
Unknown command.
You closely miss the orc warrior. Your headbutt misses the orc warrior.
The orc warrior is lightly wounded.
The orc warrior hits you with a flail!
* * * LOW HITPOINT WARNING * * *
You block the crimson imp's attack. You block the crimson imp's attack.
There is a stone staircase leading up here.
Okay, then.
Okay, then.
You closely miss the orc warrior. You headbutt the orc warrior.
The orc warrior is lightly wounded.
You barely miss the crimson imp. The orc warrior hits you with a flail!
You die...

#....#...............
#....#...............
#....###+##..........
+..o.# ..........
#....# ..........
#..).# ..........
##..).# .........
#...o5# ...###
#....@# .. #.....#
##....# #....# #....#
#....+ #....# #....#


You could see an orc warrior, a crimson imp and an orc.

Vanquished Creatures
  4 slaves (D:6)
  A phantom (D:7)
  An ogre (D:6)
  3 giant frogs
  A water moccasin skeleton (D:4)
  A howler monkey (D:6)
  A jelly (D:7)
  Terence (D:3)
  2 orc wizards
  2 worker ants
  A killer bee zombie (D:6)
  2 adders (D:3)
  A shadow imp (D:5)
  11 orcs
  3 bats
  4 goblins
  2 hobgoblins (D:1)
  2 quokkas
  A giant newt (D:1)
  4 rats
48 creatures vanquished.

Notes
Turn   | Place    | Note
-------+----------+-------------------------------------------
     0 | D:1      | Implojin the Minotaur Fighter began the quest for the Orb.
     0 | D:1      | Reached XP level 1. HP: 19/19 MP: 0/0
    50 | D:1      | Reached skill level 3 in Axes
    96 | D:1      | Reached XP level 2. HP: 17/26 MP: 1/1
   136 | D:3      | Reached skill level 4 in Axes
   149 | D:3      | Noticed Terence
   155 | D:3      | Reached XP level 3. HP: 22/31 MP: 2/2
   159 | D:3      | Killed Terence
   159 | D:3      | Reached skill level 5 in Axes
   195 | D:4      | Found a shadowy altar of Dithmenos.
   208 | D:4      | Reached XP level 4. HP: 22/39 MP: 3/3
   214 | D:5      | Entered Level 5 of the Dungeon
   233 | D:4      | Noticed Dowan
   234 | D:4      | Noticed Duvessa
   245 | D:5      | Reached skill level 6 in Axes
   247 | D:5      | Reached XP level 5. HP: 19/45 MP: 4/4
   394 | D:6      | Noticed an ogre
   400 | D:6      | Reached skill level 7 in Axes
   400 | D:6      | Reached XP level 6. HP: 14/51 MP: 5/5
   401 | D:6      | Reached skill level 8 in Axes
   407 | D:6      | Noticed Prince Ribbit
   408 | D:6      | Noticed a slave
   410 | D:6      | Noticed a slave
   410 | D:6      | Noticed a slave
   412 | D:6      | Noticed a slave
   441 | D:6      | Killed a slave
   447 | D:6      | Killed a slave
   452 | D:6      | Killed a slave
   456 | D:6      | Killed a slave
   540 | D:7      | Reached skill level 9 in Axes
   540 | D:7      | Reached XP level 7. HP: 32/57 MP: 6/6
   578 | D:7      | Found a sacrificial altar of Ru.
   578 | D:7      | Noticed an oklob plant
   676 | D:7      | Reached skill level 10 in Axes
   680 | D:7      | Mangled by an orc warrior

Vault maps used:
D:1:      lemuel_arrival_lava_pool
D:2:      okawaru_metal_pillars_3, nicolae_dithmenos_shadow_blocks, uniq_robin
D:3:      grunt_pakellas_basics, lemuel_coloured_pillars_altar, uniq_terence
D:4:      kennysheep_mini_moat, nrook_loot_triangle, uniq_sigmund, uniq_duvessa,
          uniq_menkaure
D:5:      basic_altar, first_bread, eino_tiny_chamber
D:6:      hangedman_abyss_or_decor_lesser_grid, minivault_24,
          uniq_prince_ribbit1, uniq_pikel
D:7:      the_bakery, lemuel_oklob_altar
D:8:      nicolae_gozag_zags_fifth_avenue, uniq_joseph

Skill      XL: |  1  2  3  4  5  6  7 |
---------------+----------------------+-----
Axes           | 3 4 5 6 7 9 10 | 10.0
Fighting       | |  3.6
Armour         | |  3.6
Shields        | |  3.6

Action                   |  1- 3 |  4- 6 |  7- 9 || total
-------------------------+-------+-------+-------++-------
Melee: War axe           |    37 |    59 |    21 ||   117
       Headbutt          |    10 |    13 |     6 ||    29
Evoke: Wand              |       |     1 |       ||     1
  Use: Potion            |       |     5 |       ||     5
       Scroll            |       |     1 |       ||     1
Armor: Scale mail        |    40 |    13 |     4 ||    57
Dodge: Dodged            |    18 |    13 |     8 ||    39
Block: Shield            |    37 |    24 |    11 ||    72

Table legend:
 A = Turns spent in this place as a percentage of turns spent in the entire game.
 B = Non-inter-level travel turns spent in this place as a percentage of non-inter-level travel turns spent in the entire game.
 C = Inter-level travel turns spent in this place as a percentage of turns spent in this place.
 D = Turns resting spent in this place as a percentage of non-inter-level travel turns spent in this place.
 E = Turns spent auto-exploring this place as a percentage of non-inter-level travel turns spent in this place.
 F = Non-inter-level travel turns spent in this place divided by the number of levels of this place that you've seen.
                   A       B       C       D       E      F
               +-------+-------+-------+-------+-------+----------------------
         Total | 100.0 | 100.0 |   0.0 |   0.0 |   0.0 |  91.2
       Dungeon | 100.0 | 100.0 |   0.0 |   0.0 |   0.0 |  91.2
               +-------+-------+-------+-------+-------+----------------------

Table legend:
 A = Kills in this place as a percentage of kills in entire the game.
 B = Kills by you in this place as a percentage of kills by you in the entire game.
 C = Kills by friends in this place as a percentage of kills by friends in the entire game.
 D = Other kills in this place as a percentage of other kills in the entire game.
 E = Experience gained in this place as a percentage of experience gained in the entire game.
 F = Experience gained in this place divided by the number of levels of this place that you have seen.
                   A       B       C       D       E      F
               +-------+-------+-------+-------+-------+----------------------
         Total | 100.0 | 100.0 |  -nan |  -nan | 100.0 | 123.0
       Dungeon | 100.0 | 100.0 |  -nan |  -nan | 100.0 | 123.0
               +-------+-------+-------+-------+-------+----------------------
